 Dungeon Crawl Stone Soup version 0.30-a0-879-ga8ba668 (webtiles) character file.

Game seed: 10535143950416045642

196 Think the Ducker (level 5, 0/36 HPs)
             Began as an Octopode Fighter on Mar 12, 2023.
             Succumbed to an orc's poison
             ... on level 3 of the Dungeon.
             The game lasted 00:05:05 (1756 turns).

Think the Ducker (Octopode Fighter)                 Turns: 1756, Time: 00:05:05

Health: 0/36       AC:  1    Str: 15    XL:     5   Next: 75%
Magic:  5/5        EV: 15    Int: 11    God:
Gold:   101        SH:  4    Dex: 13    Spells: 4/4 levels left

rFire   . . .      SeeInvis .    a - +0 long sword
rCold   . . .      Faith    .    b - +0 buckler
rNeg    . . .      Spirit   .    (helmet restricted)
rPois   .          Reflect  .    (no amulet)
rElec   .          Rampage  .    k - ring of wizardry
rCorr   .                        (no ring)
Will    .....                    (no ring)
Stlth   +++                      (no ring)
HPRegen 0.26/turn                (no ring)
MPRegen 0.09/turn                (no ring)
                                 (no ring)
                                 (no ring)

@: lethally poisoned (0 -> -11)
A: almost no armour, amphibious, 8 rings, camouflage 1, gelatinous body 1,
nimble swimmer 1, tentacles
a: no special abilities


You were on level 3 of the Dungeon.
You visited 1 branch of the dungeon, and saw 3 of its levels.

You collected 101 gold pieces.

Inventory:

Hand Weapons
 a - a +0 long sword (weapon)
 p - a +0 dagger of electrocution
Armour
 b - a +0 buckler (worn)
Jewellery
 k - a ring of wizardry (left tentacle)
Scrolls
 d - 2 scrolls of noise {unknown}
 f - a scroll of poison {unknown}
 g - a scroll of blinking {unknown}
 j - 3 scrolls of enchant armour {unknown}
 l - a scroll of fear {unknown}
 m - a scroll of teleportation {unknown}
 n - a scroll of identify {unknown}
 o - a scroll of enchant weapon {unknown}
Potions
 c - 2 potions of might
 e - 2 potions of haste {unknown}
 h - a potion of ambrosia {unknown}
 i - 3 potions of curing {unknown}


   Skills:
 - Level 3.0 Fighting
 - Level 2.0 Long Blades
 + Level 6.2 Dodging
 - Level 3.0 Shields


You had 4 spell levels left.
You didn't know any spells.
Your spell library contained the following spells:

 Spells                   Type           Power      Damage    Failure   Level
 Freeze                   Ice            0%         1d3       19%         1
 Frozen Ramparts          Ice            0%         1d1       45%         3
 Hailstorm                Conj/Ice       0%         3d3       45%         3


Dungeon Overview and Level Annotations

Branches:
Dungeon (3/15)

Altars:
Elyvilon
Qazlal


Innate Abilities, Weirdness & Mutations

You cannot wear most types of armour.
You are amphibious.
You can wear up to eight rings at the same time.
Your skin changes colour to match your surroundings (Stealth+).
Your rubbery body absorbs attacks. (AC +1, EV +1)
You are camouflaged when in or above water. (Stealth+)
You have tentacles for arms and can constrict up to eight enemies at once.


Message History

You squeeze the orc wizard, but do no damage.
You constrict the orc wizard, but do no damage.
The orc wizard gestures at you while chanting.
The puff of flame misses you.
You hit the orc wizard but do no damage.
You constrict the orc wizard. The orc wizard closely misses you.
The orc completely misses you. The orc barely misses you.
You block the orc wizard's attack.
You hit the orc wizard.
The orc wizard is moderately wounded.
You constrict the orc wizard.
The orc wizard hits you with a +0 dagger.
The orc closely misses you. The orc hits you with a +0 dagger.
You hit the orc wizard but do no damage.
The orc wizard is severely wounded.
You constrict the orc wizard.
The orc wizard hits you with a +0 dagger.
The orc misses you. The orc barely misses you. The orc hits you with a +0 mace.
The orc completely misses you.
The orc wizard points at you and mumbles some strange words.
You resist with some effort.
You hit the orc wizard.
You kill the orc wizard!
The orc hits you with a +0 mace. The orc hits you with a +0 dagger.
The orc attacks as you move away! The orc misses you.
The orc attacks as you move away!
The orc hits you with a +0 dagger of venom.
You are poisoned.
You feel sick.
You feel sick. The orc attacks as you move away!
The orc hits you with a +0 hand axe.
* * * LOW HITPOINT WARNING * * *
The orc attacks as you move away! The orc hits you but does no damage.
You are lethally poisoned!
* * * LOW HITPOINT WARNING * * *
You feel very sick. The orc misses you. The orc attacks as you move away!
You block the orc's attack.
You enter the deep water.
You die...

......### #....#
........# #)...#
#######.# #....# #.##
#....# #..# #....#
#####.#######oo###
#.....P...P..oo# ≈≈
#....P#.P#..#.P##≈≈⌠≈ ##
#....≈≈≈≈≈≈≈≈@≈≈≈≈...
<###.................._.
.......#≈≈≈≈≈≈≈≈≈≈≈≈≈...
.......#.#P.#P.#..##≈≈⌠≈
.......#..PPPP.....##≈≈≈
...######...##......####
...# ###..#.#.#### ...#
......... ...#
#.#.#.####


You could see 4 orcs.

Vanquished Creatures
  A scorpion (D:3)
  Natasha (twice) (D:2)
  An orc wizard (D:3)
  3 worms (D:2)
  A dart slug (D:1)
  6 endoplasms
  3 giant cockroaches
  7 goblins
  2 hobgoblins
  A jackal (D:2)
  5 kobolds
  2 quokkas (D:2)
  4 ball pythons
  5 bats
  2 frilled lizards
  6 rats
51 creatures vanquished.

Notes
Turn   | Place    | Note
-------+----------+-------------------------------------------
     0 | D:1      | Think the Octopode Fighter began the quest for the Orb.
     0 | D:1      | Reached XP level 1. HP: 16/16 MP: 1/1
   101 | D:1      | Reached XP level 2. HP: 15/21 MP: 2/2
   243 | D:1      | Found a faded altar of an unknown god.
   285 | D:1      | Reached skill level 4 in Dodging
   336 | D:1      | Reached XP level 3. HP: 10/26 MP: 3/3
  1150 | D:2      | Noticed Natasha
  1163 | D:2      | Killed Natasha
  1164 | D:2      | Reached skill level 5 in Dodging
  1164 | D:2      | Reached XP level 4. HP: 18/31 MP: 4/4
  1338 | D:2      | Noticed Natasha
  1345 | D:2      | Killed Natasha
  1641 | D:3      | Found a stormy altar of Qazlal.
  1712 | D:3      | Noticed a scorpion
  1721 | D:3      | Killed a scorpion
  1722 | D:3      | Reached skill level 6 in Dodging
  1722 | D:3      | Reached XP level 5. HP: 34/36 MP: 5/5
  1730 | D:3      | Found a white marble altar of Elyvilon.
  1756 | D:3      | Succumbed to an orc's poison

Illustrated notes

Levels and vault maps discovered:
D:1:      dpeg_arrival_shrine, layout_rooms,
          hellmonk_ecumenical_altar_heavens_door, serial_glass, glass_columns_a,
          glass_columns_a
D:2:      layout_basic, minmay_between, uniq_natasha
D:3:      layout_basic, nicolae_elyvilon_temple_path, old_standard_altar,
          minivault_27, hex_intersection

Skill      XL: |  1  2  3  4 |
---------------+-------------+-----
Dodging        | 4 5 6 |  6.2
Fighting       | |  3.0
Long Blades    | |  2.0
Shields        | |  3.0

Action                     |  1- 3 |  4- 6 || total
---------------------------+-------+-------++-------
  Melee: Long sword        |    74 |    28 ||   102
         Constrict         |    16 |     7 ||    23
         Tentacles         |    15 |     5 ||    20
   Stab: Sleeping          |     8 |       ||     8
 Armour: Skin              |     1 |     7 ||     8
  Dodge: Dodged            |    41 |    27 ||    68
  Block: Buckler           |    11 |     9 ||    20

Table legend: (Time is in decaauts)
 A = Elapsed time spent in this place.
 B = Non-inter-level travel time spent in this place.
 C = Inter-level travel time spent in this place.
 D = Time resting spent in this place.
 E = Time spent auto-exploring this place.
 F = Levels seen in this place.
 G = Mean time per level.
                   A        B        C        D        E       F      G
               +--------+--------+--------+--------+--------+-----+--------+
         Total |   1807 |   1735 |     72 |    107 |   1248 |   3 |  602.3 |
       Dungeon |   1807 |   1735 |     72 |    107 |   1248 |   3 |  602.3 |
               +--------+--------+--------+--------+--------+-----+--------+

Top non-repeatable levels by time:
     D:2: 916 daAuts
     D:1: 770 daAuts
     D:3: 121 daAuts
